 Dungeon Crawl Stone Soup version 0.29-a0-632-g781b4ac09e (webtiles) character file.

Game seed: 5749110714276277651

279 Glafi the Covered (level 6, -6/53 HPs)
             Began as a Minotaur Fighter on June 19, 2022.
             Mangled by Menkaure (14 damage)
             ... on level 4 of the Dungeon.
             The game lasted 00:10:06 (3068 turns).

Glafi the Covered (Minotaur Fighter)                Turns: 3068, Time: 00:10:06

Health: -6/53      AC:  7    Str: 23    XL:     6   Next: 5%
Magic:  5/5        EV:  9    Int:  5    God:
Gold:   221        SH:  9    Dex:  9    Spells: 5/5 levels left

rFire   . . .      SeeInvis .   a - +0 war axe
rCold   . . .      Faith    .   c - +0 buckler
rNeg    . . .      Spirit   .   b - +0 scale mail
rPois   +          Reflect  +   (helmet restricted)
rElec   .          Harm     .   (no cloak)
rCorr   .          Rampage  .   (no gloves)
Will    .....                   (no boots)
Stlth   ..........              r - amulet "Cismin" {Reflect rPois SH+5}
HPRegen 0.17/turn               x - ring of flight
MPRegen 0.09/turn               (no ring)

@: flying
A: horns 2, retaliatory headbutt
a: no special abilities


You were on level 4 of the Dungeon.
You visited 1 branch of the dungeon, and saw 4 of its levels.

You collected 221 gold pieces.

Inventory:

Hand Weapons
 a - a +0 war axe (weapon)
 z - a +0 trident
Armour
 b - a +0 scale mail (worn)
 c - a +0 buckler (worn)
Jewellery
 r - the amulet "Cismin" (around neck) {Reflect rPois SH+5}
   (You found it on level 3 of the Dungeon)

   [amulet of reflection]

   It reflects blocked missile attacks.
   rPois:     It protects you from poison.
   SH:        It affects your SH (+5).
 v - an amulet of faith
 x - a ring of flight (left hand)
 A - a +6 ring of intelligence
Wands
 t - a wand of digging (8)
Scrolls
 e - 4 scrolls of identify {unknown}
 f - 2 scrolls of silence {unknown}
 h - 2 scrolls of magic mapping {unknown}
 i - a scroll of immolation {unknown}
 j - 2 scrolls of teleportation {unknown}
 l - 2 scrolls of poison {unknown}
 p - a scroll of vulnerability {unknown}
 y - a scroll of enchant weapon {unknown}
Potions
 d - 2 potions of might
 g - 5 potions of mutation {unknown}
 k - 2 potions of degeneration {unknown}
 m - a potion of heal wounds {unknown}
 n - a potion of brilliance {unknown}
 o - a potion of flight {unknown}
 q - a potion of berserk rage {unknown}
 s - 3 potions of lignification {unknown}
 u - 2 potions of curing {unknown}
 w - a potion of cancellation {unknown}


   Skills:
 * Level 4.7 Fighting
 + Level 4.7 Axes
 + Level 5.4 Armour
 + Level 1.4 Dodging
 + Level 0.8 Stealth
 + Level 4.1 Shields


You had 5 spell levels left.
You didn't know any spells.
Your spell library was empty.

Dungeon Overview and Level Annotations

Branches:
Dungeon (4/15)
 Temple: D:4-7

Altars:

Annotations:
D:3 1 runed translucent door, Iidacon's ghost, amateur MfBe
D:4 Menkaure


Innate Abilities, Weirdness & Mutations

You have a pair of horns on your head.
You reflexively headbutt those who attack you in melee.


Message History

You now have 221 gold pieces (gained 15).
e - 4 scrolls labelled QUENOD BY CIPHU (gained 1)
A hobgoblin comes into view.
You slash the hobgoblin!
You kill the hobgoblin!
An iguana comes into view.
The iguana hisses angrily.
You slash the iguana! You headbutt the iguana!
You kill the iguana!
You see here an iguana corpse.
You reach down and open the door.
There is an open door here.
You reach down and open the door.
Menkaure and an iguana come into view.
Menkaure shouts!
The iguana hisses angrily.
Found 12 gold pieces.
Found a stone staircase leading down.
You completely miss the iguana. You block the iguana's attack.
Menkaure calls on the powers of darkness!
The iguana convulses!
Your body is wracked with pain!
You barely miss the iguana. You headbutt the iguana!
You kill the iguana!
You have reached level 6!
Menkaure hits you!
* * * LOW HITPOINT WARNING * * *
There is an open door here.
You hit Menkaure. Your headbutt misses Menkaure.
Menkaure is moderately damaged.
Menkaure barely misses you.
You hit Menkaure.
Menkaure is heavily damaged.
You block Menkaure's attack.
You barely miss Menkaure. Your headbutt misses Menkaure.
Menkaure is heavily damaged.
Menkaure calls on the powers of darkness!
Your body is wracked with pain!
* * * LOW HITPOINT WARNING * * *
You barely miss Menkaure. Your headbutt misses Menkaure.
Menkaure is heavily damaged.
Menkaure hits you!
You die...

.# ##..#.#
#.#.....<#.#.# .#
#..#.# #.....####.#.#
.# ##.#.#########
#.#.# .# #.#........
#.#.# .# #..########
#.#.# .##########..#
##### #.#.#
.............## ....#
#...#
..###....###..###....#
#.###
....+....'......@M.>.#
###
....#....####.###....#
....#....# #..# ...$#
....#....# ##.# ....#
....#....#####.####+##
#...####.........
..#.####.#####+##
#.#....#.# #.####.#.#


You could see Menkaure.

Vanquished Creatures
  2 scorpions (D:4)
  2 iguanas (D:4)
  An orc wizard (D:3)
  4 adders
  2 dart slugs
  2 orcs (D:3)
  7 ball pythons
  5 endoplasms
  6 goblins
  4 hobgoblins
  4 quokkas
  4 bats
  A frilled lizard (D:3)
  3 kobolds
  7 rats
54 creatures vanquished.

Vanquished Creatures (others)
  2 withered plants (D:3)
2 creatures vanquished.

Grand Total: 56 creatures vanquished

Notes
Turn   | Place    | Note
-------+----------+-------------------------------------------
     0 | D:1      | Glafi the Minotaur Fighter began the quest for the Orb.
     0 | D:1      | Reached XP level 1. HP: 19/19 MP: 0/0
   100 | D:1      | Reached skill level 4 in Armour
   188 | D:1      | Reached XP level 2. HP: 27/27 MP: 1/1
   327 | D:1      | Found a faded altar of an unknown god.
   679 | D:2      | Reached XP level 3. HP: 33/33 MP: 2/2
  1668 | D:3      | Identified the amulet "Cismin" {Reflect rPois SH+5}
  1938 | D:3      | Reached XP level 4. HP: 40/40 MP: 3/3
  2068 | D:3      | Found a runed translucent door.
  2371 | D:3      | Noticed Iidacon's ghost (amateur MfBe)
  2743 | D:4      | Reached skill level 1 in Dodging
  2836 | D:4      | Noticed a scorpion
  2846 | D:4      | Killed a scorpion
  2847 | D:4      | Reached skill level 5 in Armour
  2847 | D:4      | Reached XP level 5. HP: 28/47 MP: 4/4
  3060 | D:4      | Noticed Menkaure
  3064 | D:4      | Reached XP level 6. HP: 28/53 MP: 5/5
  3068 | D:4      | Mangled by Menkaure

Illustrated notes

Levels and vault maps discovered:
D:1:      minmay_arrival_five_plusses, layout_loops_cross,
          hellmonk_ecumenical_altar_inner_sanctum
D:2:      layout_basic
D:3:      layout_basic, gammafunk_ghost_grave
D:4:      layout_basic, dreamdust_wishing_well, uniq_menkaure

Skill      XL: |  1  2  3  4 |
---------------+-------------+-----
Armour         | 4 5 |  5.4
Fighting       | 4 |  4.7
Axes           | 3 4 |  4.7
Dodging        | 1 |  1.4
Shields        | 4 |  4.1
Stealth        | |  0.8

Action                   |  1- 3 |  4- 6 || total
-------------------------+-------+-------++-------
Melee: War axe           |    78 |    45 ||   123
       Headbutt          |     9 |     6 ||    15
Armor: Scale mail        |    40 |    16 ||    56
Dodge: Dodged            |    39 |     9 ||    48
Block: Buckler           |    18 |    10 ||    28

Table legend: (Time is in decaauts)
 A = Elapsed time spent in this place.
 B = Non-inter-level travel time spent in this place.
 C = Inter-level travel time spent in this place.
 D = Time resting spent in this place.
 E = Time spent auto-exploring this place.
 F = Levels seen in this place.
 G = Mean time per level.
                   A        B        C        D        E       F      G
               +--------+--------+--------+--------+--------+-----+--------+
         Total |   3114 |   3060 |     54 |    242 |   2388 |   4 |  778.5 |
       Dungeon |   3114 |   3060 |     54 |    242 |   2388 |   4 |  778.5 |
               +--------+--------+--------+--------+--------+-----+--------+

Top non-repeatable levels by time:
     D:3: 1155 daAuts
     D:2: 897 daAuts
     D:1: 647 daAuts
     D:4: 413 daAuts
